 Dungeon Sprint DCSS version 0.28.0-47-ge53b351184 (webtiles) character file.

Game seed: 5431348945871094720

7 Groucho the Sneak (level 1, -2/9 HPs)
             Began as a Spriggan Enchanter on Apr 30, 2022.
             Slain by a necrophage (6 damage)
             ... in the Dungeon (Sprint II: "The Violet Keep of Menkaure").
             The game lasted 00:00:29 (32 turns).

Groucho the Sneak (Spriggan Enchanter)                Turns: 32, Time: 00:00:29

Health: -2/9       AC:  2    Str:  4    XL:     1   Next: 83%
Magic:  5/6        EV: 17    Int: 16    God:
Gold:   0          SH:  0    Dex: 15    Spells: 7/7 levels left

rFire   . . .      SeeInvis +   a - +1 dagger
rCold   . . .      Faith    .   (no shield)
rNeg    . . .      Spirit   .   b - +0 robe
rPois   .          Reflect  .   (helmet restricted)
rElec   .          Harm     .   (no cloak)
rCorr   .          Rampage  .   (gloves unavailable)
Will    .....      NoTele   +   (boots unavailable)
Stlth   +++.......              (no amulet)
HPRegen 0.03/turn               (no ring)
MPRegen 0.10/turn               (no ring)

@: invisible, very quick
A: very small, no large weapons, unfitting armour, see invisible, speed 3
a: no special abilities


You were in the Dungeon.
You visited 1 branch

Inventory:

Hand Weapons
 a - a +1 dagger (weapon)
Armour
 b - a +0 robe (worn)
Scrolls
 i - a scroll of blinking
Potions
 d - a potion of curing
 e - a potion of heal wounds
 f - a potion of haste
 g - 2 potions of magic
 h - a potion of berserk rage


   Skills:
 - Level 1.1 Short Blades
 - Level 2.6 Dodging
 * Level 6.1 Stealth
 + Level 3.5 Spellcasting
 + Level 4.2 Hexes


You had 7 spell levels left.
You didn't know any spells.
Your spell library contained the following spells:

 Spells                   Type           Power      Damage    Failure   Level
 Confusing Touch          Hex            16%        N/A       9%          3
 Tukima's Dance           Hex            16%        N/A       9%          3
 Ensorcelled Hibernation  Hex/Ice        18%        N/A       11%         2
 Dazzling Flash           Conj/Hex       18%        N/A       22%         3


Dungeon Overview and Level Annotations

Branches:
Dungeon (1/1)

Altars:


Innate Abilities, Weirdness & Mutations

You are very small and have problems with some larger weapons.
You are too small for most types of armour.
You have supernaturally acute eyesight. (SInv)
You cover ground extremely quickly. (Speed+++)


Message History

The scorpion completely misses you.
You hit the scorpion but do no damage.
The scorpion is lightly wounded.
The scorpion completely misses you.
You hit the scorpion but do no damage.
The scorpion is lightly wounded.
There is an open door here. 2 scorpions come into view.
You see here 243 gold pieces.
There is an open door here.
You close the door.
You open the door. 4 necrophages come into view.
Found 243 gold pieces.
There is an open door here.
The helpless necrophage fails to defend itself.
You puncture the necrophage!
The necrophage is heavily damaged.
The necrophage closely misses you.
There is an open door here.
You open the door. 3 worms come into view.
There is an open door here.
The helpless worm fails to defend itself.
You puncture the worm!
You kill the worm!
Your Stealth skill increases to level 5!
Your Spellcasting skill increases to level 3!
Your Hexes skill increases to level 4!
You hit the necrophage but do no damage.
There is an open door here.
Found 243 gold pieces.
The helpless worm fails to defend itself.
You impale the worm!!
You kill the worm!
The necrophage hits you.
Your Stealth skill increases to level 6!
You hit the worm but do no damage. The necrophage hits you.
Ouch! That really hurt!
You die...

##+## ##.#.##
#n.#..# ##
#.n.# ## ##s
##'###†#
#.s###n##.# #
#$+.<.n##$+
#s.###.##@..#
##s #+###w##
## ##


You could see 2 necrophages and a worm (wandering).

Vanquished Creatures
  2 worms (D)
2 creatures vanquished.

Notes
Turn   | Place    | Note
-------+----------+-------------------------------------------
     0 | D        | Groucho the Spriggan Enchanter began the quest for the Orb.
     0 | D        | Reached XP level 1. HP: 9/9 MP: 5/5
     1 | D        | Noticed a scorpion
     1 | D        | Noticed a scorpion
    12 | D        | Noticed a scorpion
    12 | D        | Noticed a scorpion
    17 | D        | Noticed a necrophage
    17 | D        | Noticed a necrophage
    17 | D        | Noticed a necrophage
    17 | D        | Noticed a necrophage
    28 | D        | Reached skill level 5 in Stealth
    32 | D        | Reached skill level 6 in Stealth
    32 | D        | Slain by a necrophage

Illustrated notes

Levels and vault maps discovered:
D:        the_violet_keep_of_menkaure [sprint2_stairs_cluster_1,
          sprint2_shoproom, sprint2_temple, sprint2_basic_supplies,
          sprint2_obstacle_1, sprint2_obstacle_3, sprint2_obstacle_2,
          sprint2_obstacle_6, sprint2_obstacle_4, sprint2_timed_cluster_1,
          sprint2_smallroom_cluster_1, sprint2_smallroom_final_cluster_1,
          sprint2_transparent_cluster_1, sprint2_second_timed_cluster_1,
          sprint2_sniper_area_1, sprint2_heavy_combat_area_1,
          sprint2_mutation_trap_area_1, sprint2_forest_area_1,
          sprint2_light_combat_area_1, sprint2_behind_water_1,
          sprint2_near_end_vault_1]

Skill      XL: |  1 |
---------------+----+-----
Stealth        | 6 |  6.1
Spellcasting   | 3 |  3.5
Hexes          | 4 |  4.2
Short Blades   | |  1.1
Dodging        | |  2.6

Action                   || total
-------------------------++-------
Melee: Dagger            ||     9
  Use: Potion            ||     1
 Stab: Sleeping          ||     3
Dodge: Dodged            ||     3
